 Dungeon Crawl Stone Soup version 0.31-a0-702-gf82c85558f (webtiles) character file.

Game seed: 2399425338259015839

21 Essalna the Conjurer (level 2, -1/19 HPs)
             Began as a Demonspawn Conjurer on Sept 8, 2023.
             Slain by Sigmund
             ... wielding a +0 scythe
              (2 damage)
             ... on level 3 of the Dungeon.
             The game lasted 00:01:03 (615 turns).

Essalna the Conjurer (Demonspawn Conjurer)           Turns: 615, Time: 00:01:03

Health: -1/19      AC:  2    Str:  7    XL:     2   Next: 62%
Magic:  1/5        EV: 12    Int: 19    God:
Gold:   9          SH:  0    Dex: 11    Spells: 3/6 levels left

rFire   . . .        e - +0 quarterstaff (spect)
rCold   . . .        (shield currently unavailable)
rNeg    . . .        a - +0 robe
rPois   .            (no helmet)
rElec   .            (no cloak)
rCorr   .            (no gloves)
SInv    .            (no boots)
Will    .....        (no amulet)
Stlth   ++           (no ring)
HPRegen 0.23/turn    (no ring)
MPRegen 0.09/turn

%: no passive effects
@: no status effects
A: foul stench 1
a: no special abilities


You were on level 3 of the Dungeon.
You visited 1 branch of the dungeon, and saw 3 of its levels.

You collected 9 gold pieces.

Inventory:

Hand Weapons
 e - a +0 spectral quarterstaff (weapon)
Armour
 a - a +0 robe (worn)
Jewellery
 f - a ring of positive energy
Wands
 h - a wand of paralysis (3)
Scrolls
 c - 2 scrolls of identify {unknown}
Potions
 b - a potion of magic
 d - a potion of cancellation {unknown}
 g - 2 potions of curing {unknown}


   Skills:
 - Level 1.7 Dodging
 - Level 1.7 Stealth
 + Level 2.5 Spellcasting
 + Level 4.4 Conjurations


You had 3 spell levels left.
You knew the following spells:

 Your Spells              Type           Power      Damage    Failure   Level
a - Magic Dart            Conj           76%        1d6       2%          1
b - Searing Ray           Conj           38%        2d5       4%          2

Your spell library contained the following spells:

 Spells                   Type           Power      Damage    Failure   Level
 Dazzling Flash           Conj/Hex       20%        N/A       19%         3
 Fulminant Prism          Conj/Hex       5%         3d6       54%         4
 Iskenderun's Mystic Bla  Conj/Tloc      10%        2d4       54%         4


Dungeon Overview and Level Annotations

Branches:
Dungeon (3/15)

Altars:

Annotations:
D:3 Sigmund


Innate Abilities, Weirdness & Mutations

You may rarely emit foul miasma when damaged in melee.


Message History

h - a wand of paralysis (3)
Found a maw talisman.
You see here a maw talisman.
Found a long sword.
Key pressed, stopping explore.
Sigmund the Dreaded comes into view.
He is wielding a +0 scythe.
Casting: Magic Dart (safe; 2% risk of failure)
Confirm with . or Enter, or press ? or * to list all spells.
Aiming: Magic Dart (safe; 2% risk of failure)
Press: ? - help, Shift-Dir - straight line, f - Sigmund
Aim: Sigmund, wielding a +0 scythe and wearing a +1 robe (asleep, 100% to hit)
The magic dart hits Sigmund but does no damage.
Sigmund shouts!
You start memorising the spell.
You continue memorising. x2
You finish memorising.
Spell assigned to 'b'.
Casting: Magic Dart (safe; 2% risk of failure)
Confirm with . or Enter, or press ? or * to list all spells.
You don't know that spell.
Unknown command.
Casting: Magic Dart (safe; 2% risk of failure)
Confirm with . or Enter, or press ? or * to list all spells.
Aiming: Searing Ray (safe; 4% risk of failure)
Press: ? - help, Shift-Dir - straight line, f/p - Sigmund
Aim: Sigmund, wielding a +0 scythe and wearing a +1 robe (75% to hit)
The searing ray hits Sigmund.
Sigmund is lightly wounded. (Press . to maintain the ray.) Sigmund casts a spell.
Sigmund flickers and vanishes!
Deactivating autopickup; reactivate with Ctrl-A.
The searing ray hits something!
The searing ray hits something!
Something hits you!
Without enough magic to sustain it, your searing ray dissipates.
Something hits you!
Ouch! That really hurt!
* * * LOW HITPOINT WARNING * * *
You hit something.
Your +0 spectral quarterstaff hits something.
Something hits you.
You die...

....##.########+####.#..##.#
.......##### #......#.....#
.....###...# #..######.#######
.....# #.#.# #..#.....%.......
..>..###.#.####..#.####.######.
####...(.#....#..#.#..#...
##########.#....#........
#.##...#.####.### #..(@#...# .#
####{##### .# #......@. #
#########


You could see a friendly +0 spectral quarterstaff.

Vanquished Creatures
  An adder (D:3)
  A dart slug (D:1)
  3 endoplasms (D:1)
  A giant cockroach (D:1)
  A ball python (D:1)
  A frilled lizard (D:1)
  A kobold (D:1)
  2 rats (D:1)
11 creatures vanquished.

Notes
Turn   | Place    | Note
-------+----------+-------------------------------------------
     0 | D:1      | Essalna the Demonspawn Conjurer began the quest for the
                  | Orb.
     0 | D:1      | Reached XP level 1. HP: 13/13 MP: 3/3
   282 | D:1      | Gained mutation: You may rarely emit foul miasma when
                  | damaged in melee. [demonic ancestry]
   282 | D:1      | Reached XP level 2. HP: 19/19 MP: 5/5
   603 | D:3      | Noticed Sigmund
   609 | D:3      | Learned a level 2 spell: Searing Ray
   615 | D:3      | Slain by Sigmund

Illustrated notes

Levels and vault maps discovered:
D:1:      lightli_arrival_statuegarden, layout_loops_ring, minmay_statues_item,
          hangedman_abyss_or_decor_lesser_grid, minmay_tetromino_o2
D:2:      layout_loops_ring, shapermc_ecumenical_altar_totnotflames,
          basic_altar, chequers_serial_rivers_room_a
D:3:      layout_basic, mainiacjoe_overflow_cross_hatched, uniq_sigmund

Action                     || total
---------------------------++-------
  Melee: Quarterstaff      ||    15
   Cast: Magic Dart        ||    10
         Searing Ray       ||     1
   Stab: Sleeping          ||     2
         Distracted        ||     1
 Armour: Robe              ||     7
  Dodge: Dodged            ||     6

Table legend: (Time is in decaauts)
 A = Elapsed time spent in this place.
 B = Non-inter-level travel time spent in this place.
 C = Inter-level travel time spent in this place.
 D = Time resting spent in this place.
 E = Time spent auto-exploring this place.
 F = Levels seen in this place.
 G = Mean time per level.
                   A        B        C        D        E       F      G
               +--------+--------+--------+--------+--------+-----+--------+
         Total |    618 |    612 |      6 |      0 |    516 |   3 |  206.0 |
       Dungeon |    618 |    612 |      6 |      0 |    516 |   3 |  206.0 |
               +--------+--------+--------+--------+--------+-----+--------+

Top non-repeatable levels by time:
     D:1: 367 daAuts
     D:3: 218 daAuts
     D:2: 32 daAuts
